 Dungeon Crawl Stone Soup version 0.32-a0-928-g1cae6b7ea0 (webtiles) character file.

Game seed: 17445278752692062609

7693 scrimwish the Ruffian (level 11, -6/101 HPs)
             Began as a Troll Ice Elementalist on Apr 12, 2024.
             Was a High Priest of Cheibriados.
             Mangled by an unseen horror (7 damage)
             ... on level 10 of the Dungeon.
             The game lasted 00:36:22 (9340 turns).

scrimwish the Ruffian (Troll Ice Elementalist)      Turns: 9340, Time: 00:36:23

Health: -6/101     AC:  4    Str: 30    XL:     11   Next: 0%
Magic:  13/16      EV: 13    Int: 27    God:    Cheibriados [*****.]
Gold:   534        SH:  0    Dex: 22    Spells: 8/18 levels left

rFire   + . .        L - +4 flail (protect)
rCold   . . .        (no shield)
rNeg    . . .        a - +0 robe
rPois   +            (helmet restricted)
rElec   .            (no cloak)
rCorr   .            (gloves unavailable)
SInv    .            (boots unavailable)
Will    .....        (no amulet)
Stlth   +++          l - ring of protection from fire
HPRegen 1.16/turn    j - ring of poison resistance
MPRegen 0.15/turn

%: no passive effects
@: very slow
A: large, unfitting armour, claws 3, regeneration 1, shaggy fur 1, tough skin 1
a: Renounce Religion, Bend Time, Temporal Distortion, Slouch, Step From Time


You were on level 10 of the Dungeon.
You worshipped Cheibriados.
Cheibriados was extremely pleased with you.
You visited 1 branch of the dungeon, and saw 10 of its levels.

You collected 534 gold pieces.

Inventory:

Hand Weapons
 c - a +0 dagger
 o - a +0 whip
 p - a +4 flail
 D - a +1 spear of pain
 L - a +4 flail of protection (weapon)
 S - a +2 dagger of venom
 U - a +3 short sword
 W - a +6 mace of holy wrath
 X - a +2 quarterstaff of holy wrath
Missiles
 g - 23 poisoned darts
Armour
 a - a +0 robe (worn)
 e - a +0 leather armour
 f - a +2 helmet
 i - a +0 leather armour
 N - a +0 cloak
Magical Staves
 r - a staff of earth
 G - a staff of death
Jewellery
 j - a ring of poison resistance (right claw)
 l - a ring of protection from fire (left claw)
 n - a ring of positive energy
 P - a ring of poison resistance
 Z - a +4 ring of protection
Talismans
 R - a maw talisman
Wands
 w - a wand of charming (11)
 K - a wand of flame (9)
 T - a wand of iceblast (9)
Scrolls
 s - a scroll of enchant weapon
 t - 2 scrolls of poison
 u - a scroll of silence {unknown}
 v - a scroll of blinking {unknown}
 y - 2 scrolls of revelation
 B - a scroll of noise {unknown}
 C - 3 scrolls of amnesia
 F - 2 scrolls of summoning
 H - a scroll of acquirement {unknown}
 I - 2 scrolls of torment {unknown}
 J - a scroll of fear
 M - 2 scrolls of vulnerability {unknown}
 O - 2 scrolls of teleportation {unknown}
 V - a scroll of enchant armour {unknown}
Potions
 b - a potion of magic
 d - a potion of berserk rage
 h - 3 potions of resistance
 k - a potion of curing
 m - 3 potions of might
 q - a potion of haste {unknown}
 x - 2 potions of lignification {unknown}
 z - a potion of mutation {unknown}
 A - a potion of brilliance
 E - a potion of attraction {unknown}
 Q - 3 potions of enlightenment {unknown}
 Y - a potion of ambrosia {unknown}


   Skills:
 + Level 4.3 Fighting
 + Level 5.1 Maces & Flails
 + Level 1.3 Throwing
 + Level 6.1 Dodging
 + Level 2.5 Stealth
 + Level 7.8 Unarmed Combat
 + Level 4.3 Spellcasting
 + Level 0.5 Summonings
 + Level 5.7 Ice Magic
 + Level 2.2 Invocations


You had 8 spell levels left.
You knew the following spells:

 Your Spells              Type           Power      Damage    Failure   Level
a - Freeze                Ice            100%       1d10      1%          1
b - Frozen Ramparts       Ice            72%        1d11      2%          3
c - Ozocubu's Armour      Ice            36%        N/A       2%          3
d - Summon Ice Beast      Ice/Summ       22%        N/A       6%          3

Your spell library contained the following spells:

 Spells                   Type           Power      Damage    Failure   Level
 Slow                     Hex            20%        N/A       8%          1
 Static Discharge         Conj/Air       10%        3-4/arc   12%         2
 Confusing Touch          Hex            5%         N/A       22%         3
 Dazzling Flash           Conj/Hex       10%        N/A       22%         3
 Vampiric Draining        Necr           5%         2d6       22%         3
 Summon Lightning Spire   Summ/Air       7%         N/A       56%         4
 Airstrike                Air            2%         2d(1-17)  58%         4
 Conjure Ball Lightning   Conj/Air       2%         3x3d6     100%        6
 Starburst                Conj/Fire      2%         6d3       100%        6
 Discord                  Hex            2%         N/A       100%        8
 Disjunction              Tloc           2%         N/A       100%        8
 Maxwell's Capacitive Co  Air            2%         ∞         100%        8


Dungeon Overview and Level Annotations

Branches:
Dungeon (10/15)            Temple (0/1) D:5
   Lair: D:8-11         Orc: D:9-12

Altars:
Cheibriados
Fedhas
Hepliaklqana
Kikubaaqudgha
Nemelex Xobeh
Okawaru
Ru
Sif Muna
Trog
Vehumet
Wu Jian
Zin

Shops:
D:1 [   D:2 :   D:4 :   D:10 [((

Annotations:
D:9 4 runed translucent doors


Innate Abilities, Weirdness & Mutations

You are too large for most types of armour.
You have claws for hands.
Your natural rate of healing is unusually fast.
You are covered in fur. (AC +1)
You have tough skin. (AC +1)


Message History

The wall freezes something but does no damage. x3
Something hits you.
The wall freezes something.
Something hits you but does no damage.
The wall freezes something.
Something hits you but does no damage.
The wall freezes something but does no damage.
The wall freezes something. x2; Something hits you.
The wall freezes something.
Something hits you.
Okay, then.
The wall freezes something but does no damage.
The wall freezes something.
Something hits you but does no damage.
The wall freezes something.
Something hits you but does no damage.
The wall freezes something but does no damage.
The wall freezes something.
Something completely misses you.
The wall freezes something.
Something hits you but does no damage.
The wall freezes something but does no damage.
The wall freezes something.
Something hits you but does no damage.
The wall freezes something.
Something completely misses you.
The wall freezes something.
Something hits you but does no damage.
The wall freezes something.
Something hits you but does no damage.
The wall freezes something.
Something hits you but does no damage.
The wall freezes something.
Something hits you.
The wall freezes something.
Something hits you!
The wall freezes something.
Something hits you.
The wall freezes something.
Something hits you.
The wall freezes something.
Something hits you.
The wall freezes something.
Something hits you but does no damage.
The frozen ramparts melt away.
Something hits you but does no damage.
As you read the scroll labelled VIFOPR HE LOCW, it crumbles to dust.
You assume a fearsome visage.
It was a scroll of fear.
Your icy armour cracks and falls away as you move.
Something hits you. x2; Something hits you!
* * * LOW HITPOINT WARNING * * *
Something hits you!
* * * LOW HITPOINT WARNING * * *
Something hits you!
* * * LOW HITPOINT WARNING * * *
Something hits you!
* * * LOW HITPOINT WARNING * * *
Something hits you!
You die...
Cheibriados appreciates the motionlessness of death.

#.##### #.#...#.# ###
#.########.......#
#............#####
####)...#.#######
#...####.###._.##
########.### ####ß...ß###
#.........# ##ß##...##ß##
#.........# #...##.##...#
#.........# #_@........_#
#.........# #...#.⌠.#...#
#.........# ###ß##...##ß#
#.........# ######.### #
####..##### #.####.#######
###..##########............#
##..#.............########.#
##.##.............#
...##.............#


There were no monsters in sight!

Vanquished Creatures
  A two-headed ogre (D:8)
  A salamander (shapeshifter) (D:9)
  A slime creature (D:9)
  10 yaks (D:8)
  A wyvern (D:8)
  2 humans (D:7)
  2 vampire mosquitoes (D:10)
  2 steam dragons (D:7)
  Edmund (D:6)
  2 water moccasins
  3 orc warriors
  An ice beast (D:6)
  2 sky beasts
  2 ogres
  4 centaurs
  2 kobold brigands
  4 bullfrogs
  4 scorpions
  10 wights
  6 killer bees (D:9)
  5 howler monkeys
  An electric eel (D:7)
  3 bombardier beetles
  3 gnoll boudas
  4 jellies
  5 orc priests
  3 hounds (D:5)
  3 iguanas
  5 orc wizards
  8 gnolls
  5 adders
  A white imp (D:7)
  5 ufetubi
  A ribbon worm (D:3)
  11 dart slugs
  37 orcs
  3 endoplasms
  3 giant cockroaches
  8 goblins
  8 hobgoblins
  4 jackals (D:2)
  6 quokkas
  2 ball pythons
  9 bats
  4 frilled lizards
  8 kobolds
  11 rats
227 creatures vanquished.

Vanquished Creatures (collateral kills)
  A hornet (D:9)
  An orc wizard (D:5)
  A gnoll (D:5)
  2 dart slugs (D:7)
  An orc (D:5)
6 creatures vanquished.

Vanquished Creatures (others)
  3 orcs (D:5)
3 creatures vanquished.

Grand Total: 236 creatures vanquished

Notes
Turn   | Place    | Note
-------+----------+-------------------------------------------
     0 | D:1      | scrimwish the Troll Ice Elementalist began the quest for
                  | the Orb.
     0 | D:1      | Reached XP level 1. HP: 16/16 MP: 1/1
   317 | D:1      | Reached XP level 2. HP: 21/24 MP: 2/2
   394 | D:1      | Found Muhuucso's Armour Shoppe.
   731 | D:2      | Reached XP level 3. HP: 30/31 MP: 2/4
   829 | D:2      | Learned a level 3 spell: Frozen Ramparts
  1018 | D:2      | Identified the +0 plate armour of Indecent Exposure {Fly
                  | Int+3 Dex+2}
  1406 | D:2      | Found Git Deog's Book Boutique.
  1423 | D:2      | Found a faded altar of an unknown god.
  1434 | D:2      | Prayed at the altar of an unknown god.
  1434 | D:2      | Became a worshipper of Cheibriados the Contemplative
  1434 | D:2      | Reached * piety under Cheibriados
  1847 | D:3      | Reached XP level 4. HP: 39/39 MP: 5/5
  2020 | D:3      | Reached skill level 1 in Unarmed Combat
  2347 | D:3      | Noticed a moth of wrath
  2351 | D:3      | Found a bloodstained altar of Trog.
  2607 | D:3      | Reached ** piety under Cheibriados
  2987 | D:4      | Reached skill level 2 in Unarmed Combat
  2987 | D:4      | Reached XP level 5. HP: 38/46 MP: 2/6
  3030 | D:4      | Found Cosi's Tiny Tomes.
  3324 | D:4      | Found a hazy altar of Hepliaklqana.
  3877 | D:5      | Entered Level 5 of the Dungeon
  3921 | D:5      | Reached skill level 1 in Fighting
  4025 | D:5      | Reached skill level 3 in Unarmed Combat
  4025 | D:5      | Reached XP level 6. HP: 46/55 MP: 3/7
  4099 | D:5      | Reached *** piety under Cheibriados
  4371 | D:5      | Reached XP level 7. HP: 36/62 MP: 8/8
  4380 | D:5      | Found a staircase to the Ecumenical Temple.
  4395 | D:5      | Reached skill level 4 in Unarmed Combat
  4978 | D:5      | Learned a level 3 spell: Ozocubu's Armour
  4982 | D:5      | Learned a level 3 spell: Summon Ice Beast
  5130 | D:5      | Found an ornate altar of the Wu Jian Council.
  5482 | D:6      | Reached skill level 5 in Unarmed Combat
  5482 | D:6      | Reached XP level 8. HP: 72/72 MP: 6/10
  5578 | D:6      | Reached **** piety under Cheibriados
  5738 | D:6      | Reached skill level 1 in Throwing
  5865 | D:6      | Reached skill level 6 in Unarmed Combat
  5950 | D:6      | Reached skill level 1 in Invocations
  6024 | D:6      | Noticed Edmund
  6090 | D:6      | Killed Edmund
  6207 | D:7      | Found a sparkling altar of Nemelex Xobeh.
  6274 | D:7      | Reached XP level 9. HP: 37/80 MP: 4/12
  6365 | D:7      | Found an iron altar of Okawaru.
  6702 | D:7      | Found a blossoming altar of Fedhas.
  7046 | D:7      | Reached skill level 5 in Dodging
  7046 | D:7      | Reached skill level 5 in Ice Magic
  7158 | D:7      | Reached skill level 7 in Unarmed Combat
  7523 | D:7      | Reached ***** piety under Cheibriados
  7659 | D:7      | Found a glowing silver altar of Zin.
  7661 | D:7      | Found a sacrificial altar of Ru.
  7918 | D:8      | Reached skill level 1 in Maces & Flails
  7931 | D:8      | Noticed a two-headed ogre
  7942 | D:8      | Reached XP level 10. HP: 85/91 MP: 2/14
  7952 | D:8      | Killed a two-headed ogre
  8477 | D:9      | Found a large runed translucent door.
  8477 | D:9      | Found a large runed translucent door.
  8479 | D:9      | Noticed a centaur warrior
  8663 | D:9      | Found a large runed translucent door.
  8663 | D:9      | Found a large runed translucent door.
  8682 | D:9      | Paralysed by a hornet for 3 turns
  8728 | D:9      | Noticed a salamander
  8734 | D:9      | Killed a salamander
  9097 | D:10     | Entered Level 10 of the Dungeon
  9097 | D:10     | Found Nerirok's Antique Weapon Shop.
  9097 | D:10     | Found Yfikk's Antique Weapon Shop.
  9097 | D:10     | Found Cituacen's Armour Shop.
  9219 | D:10     | Reached skill level 5 in Maces & Flails
  9220 | D:10     | Reached XP level 11. HP: 59/101 MP: 10/16
  9305 | D:10     | Found an ancient bone altar of Kikubaaqudgha.
  9305 | D:10     | Found a shimmering blue altar of Sif Muna.
  9308 | D:10     | Found a radiant altar of Vehumet.
  9340 | D:10     | HP: 1/101 [something (10)]
  9340 | D:10     | Mangled by an unseen horror

Illustrated notes

Levels and vault maps discovered:
D:1:      dreamdust_arrival_beginning_and_end, layout_basic, serial_shops, shop,
          minmay_pentomino_p2
D:2:      minmay_razor_zed, layout_basic, serial_shops, shop,
          shapermc_ecumenical_altar_notcrosses
D:3:      layout_loops_corners, tgw_trog
D:4:      layout_basic, nicolae_hepliaklqana_hippocampus, chequers_garden,
          nicolae_shop_i_like_small_books_too, kennysheep_generic_room_4
D:5:      wad_river_or_something, layout_layer_cave, kennysheep_mini_moat,
          minmay_temple_entry_antechambers
D:6:      layout_rooms, lightli_orcish_oven, uniq_edmund
D:7:      kennysheep_slugbush, layout_basic, nemelex_spade_bored_becter,
          fedhas_ov_isle_minmay, okawaru_humans, nicolae_overflow_hidden_temple,
          kennysheep_windowed_goal
D:8:      layout_rooms
D:9:      layout_loops_ring, minmay_hollow_rounded_squares
D:10:     layout_basic, grunt_temple_overflow_magic_moments,
          nicolae_shop_distant_corner_stores, grunt_ministairs_5

Skill      XL: |  1  2  3  4  5  6  7  8  9 10 |
---------------+-------------------------------+-----
Ice Magic      | 3 4 5 |  5.7
Dodging        | 2 3 4 5 6 |  6.1
Unarmed Combat | 2 3 5 6 7 |  7.8
Fighting       | 1 2 3 4 |  4.3
Spellcasting   | 2 3 4 |  4.3
Stealth        | 2 |  2.5
Throwing       | 1 |  1.3
Invocations    | 1 2 |  2.2
Maces & Flails | 1 5 |  5.1
Summonings     | |  0.5

Action                     |  1- 3 |  4- 6 |  7- 9 | 10-12 || total
---------------------------+-------+-------+-------+-------++-------
  Melee: Unarmed           |    92 |   148 |   181 |       ||   421
         Punch             |     1 |     3 |     7 |       ||    11
         Flail             |       |       |    27 |   104 ||   131
  Throw: Dart              |       |       |    12 |       ||    12
   Cast: Freeze            |    11 |     2 |     8 |       ||    21
         Frozen Ramparts   |     1 |     8 |    15 |     6 ||    30
         Summon Ice Beast  |       |       |     5 |     1 ||     6
         Ozocubu's Armour  |       |       |     4 |     3 ||     7
 Invoke: Bend Time         |       |       |     2 |       ||     2
         Slouch            |       |       |     2 |     1 ||     3
         Temporal Distorti |       |       |     1 |       ||     1
  Evoke: Wand              |       |    13 |     6 |       ||    19
    Use: Scroll            |     1 |     3 |     5 |     7 ||    16
         Potion            |       |       |     6 |     6 ||    12
   Stab: Sleeping          |     1 |     3 |     1 |       ||     5
         Distracted        |       |       |     1 |       ||     1
 Armour: Robe              |   122 |   141 |   260 |   161 ||   684
  Dodge: Dodged            |   104 |    96 |   203 |   102 ||   505

Table legend: (Time is in decaauts)
 A = Elapsed time spent in this place.
 B = Non-inter-level travel time spent in this place.
 C = Inter-level travel time spent in this place.
 D = Time resting spent in this place.
 E = Time spent auto-exploring this place.
 F = Levels seen in this place.
 G = Mean time per level.
                   A        B        C        D        E       F      G
               +--------+--------+--------+--------+--------+-----+--------+
         Total |  13450 |  13073 |    377 |    536 |   6781 |  10 | 1345.0 |
       Dungeon |  13450 |  13073 |    377 |    536 |   6781 |  10 | 1345.0 |
               +--------+--------+--------+--------+--------+-----+--------+

Top non-repeatable levels by time:
     D:5: 2483 daAuts
     D:7: 2345 daAuts
     D:4: 1629 daAuts
     D:9: 1616 daAuts
     D:3: 1354 daAuts
     D:2: 1248 daAuts
     D:6: 1026 daAuts
     D:8: 791 daAuts
     D:1: 653 daAuts
    D:10: 301 daAuts
